 Dungeon Sprint DCSS version 0.17-a0-1210-g1e4f09d (webtiles) character file.

21 Kidiri the Sneak (level 2, -10/15 HPs)
             Began as a Spriggan Assassin on June 4, 2015.
             Was a Believer of Dithmenos.
             Shot with an arrow by a centaur (12 damage)
             ... in the Dungeon (Sprint VII: "The Pits").
             The game lasted 00:04:29 (526 turns).

Kidiri the Sneak (Spriggan Assassin)                 Turns: 526, Time: 00:04:29

Health: -10/15     AC:  3    Str:  7    XL:     2   Next: 65%
Magic:  3/3        EV: 19    Int: 12    God:    Dithmenos [**....]
Gold:   0          SH:  0    Dex: 17    Spells: 0 memorised, 1 level left

rFire  . . .     SeeInvis +     a - +2 dagger
rCold  . . .     Clarity  .     c - +0 robe
rNeg   . . .     SustAt   .     (shield restricted)
rPois  .         Gourm    .     (helmet restricted)
rElec  .         Spirit   .     d - +0 cloak
rCorr  .         Warding  .     (gloves unavailable)
rMut   .         NoTele   +     (boots unavailable)
MR     .....                    (no amulet)
Stlth  +++++.....               (no ring)
                                (no ring)

@: wreathed by umbra, very quick, not resistant to hostile enchantments, quite
stealthy
A: unfitting armour, see invisible, herbivore 3, speed 3, slow metabolism 2
a: Shadow Step, Renounce Religion


You were in the Dungeon.
You worshipped Dithmenos.
Dithmenos was pleased with you.
You were not hungry.

You visited 1 branch

Inventory:

Hand weapons
 a - a +2 dagger (weapon)
 b - a +0 blowgun
Missiles
 e - 5 poisoned needles
Armour
 c - a +0 robe (worn)
 d - a +0 cloak (worn)
Scrolls
 m - a scroll of blinking
 p - 3 scrolls of remove curse
 q - 5 scrolls of amnesia
 r - a scroll of summoning
Potions
 i - a potion of heal wounds
 j - a potion of haste
 k - 4 potions of magic
 l - 3 potions of berserk rage
 o - 2 potions of invisibility
Comestibles
 g - 8 bread rations
 n - 40 fruits


   Skills:
 + Level 2.0 Fighting
 * Level 2.4 Short Blades
 + Level 2.9 Throwing
 * Level 4.2 Dodging
 * Level 7.4 Stealth


You had one spell level left.
You didn't know any spells.

Dungeon Overview and Level Annotations

Branches:
Dungeon (1/1)

Altars:
Ashenzari
Cheibriados
Dithmenos
Elyvilon
Fedhas
Gozag
Kikubaaqudgha
Makhleb
Nemelex Xobeh
Okawaru
Qazlal
Ru
Sif Muna
Trog
Vehumet
Xom
Yredelemnul
Zin
The Shining One
Beogh
Jiyva
Lugonu


Innate Abilities, Weirdness & Mutations

You are tiny and cannot use many weapons and most armour.
You have supernaturally acute eyesight.
You are a herbivore.
You cover ground extremely quickly.
You need consume almost no food.


Message History

The centaur shoots an arrow.
The arrow hits you.
Things that are here:
an arrow; a club Firing (i - inventory):
e - 7 poisoned needles (quivered)
Press: ? - help, Shift-Dir - straight line, f/p - centaur
Aim: a centaur, wielding a shortbow (heavily wounded, slow, poisoned, umbra)
You shoot a poisoned needle. The poisoned needle hits the centaur.
The centaur is heavily wounded.
Firing (i - inventory):
e - 6 poisoned needles (quivered)
Press: ? - help, Shift-Dir - straight line, f/p - centaur
Aim: a centaur, wielding a shortbow (severely wounded, slow, poisoned, umbra)
You shoot a poisoned needle. The poisoned needle hits the centaur!
The centaur is severely wounded.
The centaur shoots an arrow.
The arrow hits you.
* * * LOW HITPOINT WARNING * * *
Wield which item (- for none, * to show all)? (? for menu, Esc to quit)
a - a +2 dagger (weapon)
The centaur shoots an arrow.
The arrow hits you!
Ouch! That really hurt!
You die...

############ #__________#
#__________#
#.#####+##############++####
#_#)))+.+%.##...............
#_#)))#.#?(##......#..#.....
#######+#####...............
#.(....(.c.@'.(....†........
#+#####'#####.....†#..#.....
#..#..# #...............
#..'(.# ####(#####++####
#..#### #.......# #..#..#
#.......# #..#..# #.......#
##c#..#+###...<...#
#.......J##.......#


You could see a centaur.

Vanquished Creatures
  An adder (D)
  An adder skeleton (D)
  A goblin (D)
  2 jackals (D)
  A kobold (D)
  A giant gecko skeleton (D)
  A rat (D)
8 creatures vanquished.

Notes
Turn   | Place    | Note
--------------------------------------------------------------
     0 | D        | Kidiri the Spriggan Assassin began the quest for the Orb.
     0 | D        | Reached XP level 1. HP: 10/10 MP: 2/2
    11 | D        | Reached skill level 6 in Stealth
    43 | D        | Found a sacrificial altar of Ru.
    43 | D        | Found a basalt altar of Yredelemnul.
    43 | D        | Found a shadowy altar of Dithmenos.
    43 | D        | Found a deep blue altar of Sif Muna.
    43 | D        | Found a burning altar of Makhleb.
    43 | D        | Found a shimmering altar of Xom.
    43 | D        | Found an ancient bone altar of Kikubaaqudgha.
    43 | D        | Found a sparkling altar of Nemelex Xobeh.
    48 | D        | Found a glowing golden altar of the Shining One.
    48 | D        | Found a bloodstained altar of Trog.
    48 | D        | Found a shattered altar of Ashenzari.
    48 | D        | Found a white marble altar of Elyvilon.
    48 | D        | Found a snail-covered altar of Cheibriados.
    48 | D        | Found a blossoming altar of Fedhas.
    48 | D        | Found a radiant altar of Vehumet.
    48 | D        | Found a glowing silver altar of Zin.
    48 | D        | Found a corrupted altar of Lugonu.
    48 | D        | Found a viscous altar of Jiyva.
    48 | D        | Found a roughly hewn altar of Beogh.
    48 | D        | Found an iron altar of Okawaru.
    54 | D        | Became a worshipper of Dithmenos the Shadowed
    58 | D        | Found a stormy altar of Qazlal.
    58 | D        | Found an opulent altar of Gozag.
    82 | D        | Reached skill level 1 in Short Blades
   342 | D        | Reached XP level 2. HP: 15/15 MP: 3/3
   351 | D        | Acquired Dithmenos's first power
   351 | D        | Reached skill level 7 in Stealth
   488 | D        | Noticed a centaur
   526 | D        | Shot with an arrow by a centaur

Vault maps used:
D:        pitsprint

Action                   || total
-------------------------++-------
Melee: Dagger            ||    38
 Fire: Blowgun           ||     8
  Use: Potion            ||     1
 Stab: Distracted        ||     1
